 Dungeon Crawl Stone Soup version 0.29-a0-330-g52719c12eb (webtiles) character file.

Game seed: 7024861052767999578

799 kae the Firebug (level 7, -1/45 HPs)
             Began as an Octopode Fire Elementalist on Apr 16, 2022.
             Slain by a jelly (3 damage)
             ... on level 4 of the Dungeon.
             The game lasted 00:04:17 (5799 turns).

kae the Firebug (Octopode Fire Elementalist)        Turns: 5799, Time: 00:04:18

Health: -1/45      AC: -11   Str:  5 (7)  XL:     7   Next: 90%
Magic:  0/11       EV: 13    Int: 19      God:
Gold:   260        SH:  5    Dex: 13      Spells: 6/12 levels left

rFire   + . .      SeeInvis .   d - +0 hand axe (vorpal)
rCold   . . .      Faith    .   e - +1 buckler
rNeg    . . .      Spirit   .   (helmet restricted)
rPois   .          Reflect  .   (no amulet)
rElec   .          Harm     .   l - ring of protection from cold
rCorr   .          Rampage  .   r - ring of fire
Will    .....                   (no ring)
Stlth   ++++......              (no ring)
HPRegen 0.15/turn               (no ring)
MPRegen 0.12/turn               (no ring)
                                (no ring)
                                (no ring)

@: marked, corroded
A: almost no armour, amphibious, 8 rings, camouflage 1, gelatinous body 1,
(nimble swimmer 1), tentacles
a: no special abilities


You were on level 4 of the Dungeon.
You visited 1 branch of the dungeon, and saw 6 of its levels.

You collected 260 gold pieces.

Inventory:

Hand Weapons
 d - a +0 vorpal hand axe (weapon)
Armour
 e - a +1 buckler (worn)
Jewellery
 l - a ring of protection from cold (left tentacle)
 r - a ring of fire (right tentacle)
Wands
 b - a wand of acid (3)
Scrolls
 h - a scroll of identify
 k - a scroll of blinking {unknown}
Potions
 a - a potion of magic
 c - 3 potions of mutation
 g - 2 potions of brilliance
 j - 2 potions of resistance
 p - a potion of haste


   Skills:
 + Level 2.6 Fighting
 + Level 3.5 Dodging
 + Level 5.0 Stealth
 + Level 2.4 Shields
 + Level 3.2 Spellcasting
 + Level 2.9 Conjurations
 * Level 5.3 Fire Magic


You had 6 spell levels left.
You knew the following spells:

 Your Spells              Type           Power      Damage    Failure   Level
a - Foxfire               Conj/Fire      100%       2x1d9     3%          1
b - Scorch                Fire           70%        2d8       3%          2
c - Conjure Flame         Conj/Fire      28%        6-21      11%         3

Your spell library contained the following spells:

 Spells                   Type           Power      Damage    Failure   Level
 Inner Flame              Hex/Fire       19%        N/A       19%         3
 Freeze                   Ice            12%        1d4       21%         1
 Flame Wave               Conj/Fire      28%        2d8       34%         4
 Frozen Ramparts          Ice            6%         1d2       52%         3
 Hailstorm                Conj/Ice       8%         3d4       71%         4
 Summon Forest            Summ/Tloc      1%         N/A       99%         5
 Eringya's Noxious Bog    Tmut/Pois      1%         N/A       100%        6
 Summon Hydra             Summ           1%         N/A       100%        7


Dungeon Overview and Level Annotations

Branches:
Dungeon (6/15)
 Temple: D:4-7

Altars:
Ru

Shops:
D:3 (

Annotations:
D:3 exclusion: gnoll
D:6 Eustachio


Innate Abilities, Weirdness & Mutations

You cannot wear most types of armour.
You are amphibious.
You can wear up to eight rings at the same time.
Your skin changes colour to match your surroundings (Stealth+).
Your rubbery body absorbs attacks. (AC +1, EV +1)
((You are camouflaged when in or above water. (Stealth+)))
You have tentacles for arms and can constrict up to eight enemies at once.


Message History

The foxfire hits the orc!
You kill the orc!
Casting: Foxfire (safe; 3% risk of failure)
Confirm with . or Enter, or press ? or * to list all spells.
You feel a surge of power!
You conjure some foxfire!
The foxfire hits the orc but does no damage.
The foxfire hits the jelly!
The jelly is heavily wounded.
The jelly barely misses you. The orc misses you.
You climb upwards.
There is a stone staircase leading down here.
Casting: Foxfire (safe; 3% risk of failure)
Confirm with . or Enter, or press ? or * to list all spells.
You don't have enough magic to cast this spell.
You hit the jelly.
Your tentacles burn!
The jelly is severely wounded.
You hit the orc. The jelly misses you. The orc hits you with a +0 hand axe.
You hit the jelly. The acid corrodes you!
Your tentacles burn!
The jelly is severely wounded.
You barely miss the orc. You block the orc's attack. The jelly hits you.
The acid corrodes you!
You are splashed with acid!
* * * LOW HITPOINT WARNING * * *
The orc hits you with a +0 hand axe.
* * * LOW HITPOINT WARNING * * *
The jelly barely misses you.
You feel better. The jelly hits you.
* * * LOW HITPOINT WARNING * * *
The acid corrodes you!
You are splashed with acid!
* * * LOW HITPOINT WARNING * * *
The orc barely misses you.
Okay, then.
Okay, then.
Unknown command.
Casting: Foxfire (safe; 3% risk of failure)
Confirm with . or Enter, or press ? or * to list all spells.
You don't have enough magic to cast this spell.
Casting: Foxfire (safe; 3% risk of failure)
Confirm with . or Enter, or press ? or * to list all spells.
You feel a surge of power!
You conjure some foxfire!
The jelly hits you.
You die...

...............#'#.#########.....
...............#...............#.
...............#.#.#########.#.#.
.............#.#.#.# #.#(#.
.............#.#.#.#########.#.#.
#####........#...#...........#.#.
#........##..#############.#.
#........##vo# #.......#.
#........##J@# #.#######.
############## #.# #. #.# #. #.#
####. #.# #.... #.# #.###
#.####.# #......# ########


You could see a jelly (ally target) and an orc.

Vanquished Creatures
  A sky beast (D:5)
  2 phantoms (D:4)
  3 scorpions
  3 killer bees (D:4)
  A howler monkey (D:4)
  A hound (D:4)
  3 gnolls (D:3)
  6 adders
  A white imp (D:5)
  An ufetubus (D:5)
  3 worms
  A dart slug (D:4)
  4 orcs
  6 ball pythons
  5 bats
  9 endoplasms
  A giant cockroach (D:3)
  3 goblins
  7 hobgoblins
  7 jackals
  5 kobolds
  6 quokkas
  4 frilled lizards
  7 rats
90 creatures vanquished.

Vanquished Creatures (others)
  278 foxfires
  4 plants (D:4)
282 creatures vanquished.

Grand Total: 372 creatures vanquished

Notes
Turn   | Place    | Note
-------+----------+-------------------------------------------
     0 | D:1      | kae the Octopode Fire Elementalist began the quest for the
                  | Orb.
     0 | D:1      | Reached XP level 1. HP: 11/11 MP: 3/3
   140 | D:1      | Found a faded altar of an unknown god.
   229 | D:1      | Reached XP level 2. HP: 17/17 MP: 1/5
  1187 | D:1      | Reached XP level 3. HP: 22/22 MP: 1/6
  1190 | D:1      | Learned a level 2 spell: Scorch
  1254 | D:1      | Learned a level 3 spell: Conjure Flame
  2390 | D:2      | Reached XP level 4. HP: 23/27 MP: 2/7
  2756 | D:3      | Reached skill level 1 in Fighting
  2985 | D:3      | Found Duigim's Weapon Shop.
  3770 | D:3      | Reached skill level 1 in Shields
  3770 | D:3      | Reached XP level 5. HP: 33/33 MP: 3/8
  3907 | D:4      | Noticed a phantom
  3926 | D:4      | Killed a phantom
  4414 | D:4      | Reached XP level 6. HP: 38/38 MP: 5/9
  4466 | D:4      | Found a sacrificial altar of Ru.
  4858 | D:4      | You fall into a shaft and drop 2 floors!
  4896 | D:6      | Reached XP level 7. HP: 37/45 MP: 5/11
  5010 | D:6      | Reached skill level 5 in Fire Magic
  5075 | D:6      | Noticed Eustachio
  5086 | D:5      | Entered Level 5 of the Dungeon
  5781 | D:5      | Reached skill level 5 in Stealth
  5798 | D:4      | HP: 2/45 [acid (9)]
  5799 | D:4      | Slain by a jelly

Illustrated notes

Levels and vault maps discovered:
D:1:      pf_arrival_petrified_forest, layout_basic, basic_ecumenical_altar,
          minmay_misc_feat_four_crosses
D:2:      layout_basic, minmay_fountain_box
D:3:      layout_loops_ring, serial_shops, nicolae_shop_hallway_stairs,
          st_stairs_3, grunt_ministairs_10, corexii_shack,
          minmay_strange_pillars, hangedman_decor_growths, minivault_5
D:4:      layout_basic, mainiacjoe_overflow_chevrons
D:5:      layout_loops_ring, minmay_quadrilaterals
D:6:      layout_cave_pods, mainiacjoe_overflow_big_doors, temple_green,
          uniq_eustachio

Skill      XL: |  1  2  3  4  5  6  7 |
---------------+----------------------+-----
Stealth        | 3 4 5 |  5.0
Fighting       | 1 2 |  2.6
Fire Magic     | 4 5 |  5.3
Shields        | 1 2 |  2.4
Conjurations   | 2 |  2.9
Dodging        | 3 |  3.5
Spellcasting   | 3 |  3.2

Action                   |  1- 3 |  4- 6 |  7- 9 || total
-------------------------+-------+-------+-------++-------
Melee: Unarmed           |     2 |       |       ||     2
       Tentacles         |    11 |     6 |       ||    17
       Constrict         |     6 |     8 |       ||    14
       Hand axe          |    36 |    32 |     2 ||    70
       Punch             |     3 |       |       ||     3
 Cast: Foxfire           |    66 |    87 |    22 ||   175
       Scorch            |       |     5 |    10 ||    15
  Use: Scroll            |     2 |     6 |     1 ||     9
       Potion            |       |     6 |     4 ||    10
 Stab: Sleeping          |     3 |     5 |       ||     8
       Distracted        |     1 |       |       ||     1
       Invisible         |       |     1 |       ||     1
Armor: Skin              |     6 |     2 |     2 ||    10
Dodge: Dodged            |    27 |    32 |    42 ||   101
Block: Buckler           |     2 |    10 |    14 ||    26

Table legend: (Time is in decaauts)
 A = Elapsed time spent in this place.
 B = Non-inter-level travel time spent in this place.
 C = Inter-level travel time spent in this place.
 D = Time resting spent in this place.
 E = Time spent auto-exploring this place.
 F = Levels seen in this place.
 G = Mean time per level.
                   A        B        C        D        E       F      G
               +--------+--------+--------+--------+--------+-----+--------+
         Total |   5810 |   5610 |    200 |    991 |   3782 |   6 |  968.3 |
       Dungeon |   5810 |   5610 |    200 |    991 |   3782 |   6 |  968.3 |
               +--------+--------+--------+--------+--------+-----+--------+

Top non-repeatable levels by time:
     D:1: 1709 daAuts
     D:3: 1581 daAuts
     D:4: 1094 daAuts
     D:2: 922 daAuts
     D:5: 274 daAuts
     D:6: 227 daAuts
